 Dungeon Crawl Stone Soup version 0.29.1-1-gd02db6906a (webtiles) character file.

Game seed: 15717771086683629516

10 xian the Vexing (level 2, 0/19 HPs)
             Began as a Demonspawn Enchanter on Oct 11, 2022.
             Succumbed to an adder's poison
             ... on level 2 of the Dungeon.
             The game lasted 00:01:33 (390 turns).

xian the Vexing (Demonspawn Enchanter)               Turns: 390, Time: 00:01:33

Health: 0/19       AC:  3    Str:  8    XL:     2   Next: 10%
Magic:  1/5        EV: 11    Int: 16    God:
Gold:   22         SH:  0    Dex: 13    Spells: 3/5 levels left

rFire   . . .      SeeInvis .   a - +1 dagger
rCold   . . .      Faith    .   (no shield)
rNeg    . . .      Spirit   .   e - +0 leather armour
rPois   .          Reflect  .   (no helmet)
rElec   .          Harm     .   (no cloak)
rCorr   .          Rampage  .   (no gloves)
Will    .....                   (no boots)
Stlth   ++........              (no amulet)
HPRegen 0.06/turn               (no ring)
MPRegen 0.09/turn               (no ring)

@: lethally poisoned (0 -> -2)
A: demonic magic 1
a: no special abilities


You were on level 2 of the Dungeon.
You visited 1 branch of the dungeon, and saw 2 of its levels.

You collected 22 gold pieces.

Inventory:

Hand Weapons
 a - a +1 dagger (weapon)
Armour
 b - a +0 robe
 e - a +0 leather armour (worn)
Scrolls
 d - a scroll of identify {unknown}
Potions
 c - 2 potions of invisibility


   Skills:
 + Level 0.8 Short Blades
 + Level 1.9 Dodging
 + Level 2.8 Stealth
 + Level 2.2 Spellcasting
 + Level 3.2 Hexes


You had 3 spell levels left.
You knew the following spells:

 Your Spells              Type           Power      Damage    Failure   Level
a - Ensorcelled Hibernat  Hex/Ice        12%        N/A       24%         2

Your spell library contained the following spells:

 Spells                   Type           Power      Damage    Failure   Level
 Confusing Touch          Hex            12%        N/A       24%         3
 Tukima's Dance           Hex            12%        N/A       24%         3
 Dazzling Flash           Conj/Hex       12%        N/A       43%         3


Dungeon Overview and Level Annotations

Branches:
Dungeon (1/15)

Altars:


Innate Abilities, Weirdness & Mutations

Spells you cast may paralyse adjacent enemies.


Message History

The spell is quite dangerous to miscast (24% risk of failure)!
Continue anyway?
Okay, then.
Casting: Ensorcelled Hibernation (quite dangerous; 24% risk of failure)
Confirm with . or Enter, or press ? or * to list all spells.
The spell is quite dangerous to miscast (24% risk of failure)!
Continue anyway?
Aiming: Ensorcelled Hibernation (quite dangerous; 24% risk of failure)
Press: ? - help, Shift-Dir - straight line, f - adder
Aim: an adder (chance to affect: 49%)
The adder resists with some effort.
Malevolent energies surge around you. The adder bites you.
* * * LOW HITPOINT WARNING * * *
You are lethally poisoned!
The adder poisons you!
Okay, then.
Unknown command.
Unknown command.
Casting: Ensorcelled Hibernation (quite dangerous; 24% risk of failure)
Confirm with . or Enter, or press ? or * to list all spells.
The spell is quite dangerous to miscast (24% risk of failure)!
Continue anyway?
Okay, then.
Casting: Ensorcelled Hibernation (quite dangerous; 24% risk of failure)
Confirm with . or Enter, or press ? or * to list all spells.
The spell is quite dangerous to miscast (24% risk of failure)!
Continue anyway?
Aiming: Ensorcelled Hibernation (quite dangerous; 24% risk of failure)
Press: ? - help, Shift-Dir - straight line, f/p - adder
Aim: an adder (chance to affect: 49%)
The adder resists with some effort.
Malevolent energies surge around you.
The adder suddenly stops moving!
* * * LOW HITPOINT WARNING * * *
You feel sick.
The helpless adder fails to defend itself.
You puncture the adder!
The adder is almost dead.
* * * LOW HITPOINT WARNING * * *
You feel sick.
Unknown command.
The helpless adder fails to defend itself.
You puncture the adder!
You kill the adder!
You die...

...# ...#
#..# #..#
#..#
######..#
.K.....Kh#
##
.####.##†#
#.. #.
#@###.#
#.#.#.##.#
..###.#.#
.....#....#
###.
#..#..#
#.###.#..#
#....[...#
...##.#.##
#.#.#


You could see a jackal and a kobold.

Vanquished Creatures
  An adder (D:2)
  A ball python (D:1)
  2 endoplasms (D:1)
  A giant cockroach (D:1)
  A goblin (D:1)
  A hobgoblin (D:1)
  A jackal (D:2)
  A bat (D:1)
9 creatures vanquished.

Notes
Turn   | Place    | Note
-------+----------+-------------------------------------------
     0 | D:1      | xian the Demonspawn Enchanter began the quest for the Orb.
     0 | D:1      | Reached XP level 1. HP: 13/13 MP: 3/3
   249 | D:1      | Found a faded altar of an unknown god.
   272 | D:1      | Gained mutation: Spells you cast may paralyse adjacent
                  | enemies. [demonic ancestry]
   272 | D:1      | Reached XP level 2. HP: 15/19 MP: 5/5
   275 | D:1      | Learned a level 2 spell: Ensorcelled Hibernation
   348 | D:1      | You fall into a shaft and drop 1 floor!
   390 | D:2      | Succumbed to an adder's poison

Illustrated notes

Levels and vault maps discovered:
D:1:      minmay_arrival_semitransparent, layout_basic, basic_ecumenical_altar
D:2:      cheibrodos_old_hovel, layout_loops_ring

Action                   || total
-------------------------++-------
Melee: Dagger            ||    31
 Cast: Ensorcelled Hiber ||     2
 Stab: Sleeping          ||     4
       Paralysed         ||     2
Armor: Robe              ||     2
       Leather armour    ||     8
Dodge: Dodged            ||    26
